 Dungeon Crawl Stone Soup version 0.22-a0-480-g991dd4b (webtiles) character file.

603076 4thArraOfDagon the Impaler (level 27, -11/314 HPs)
             Began as a Hill Orc Fighter on June 14, 2018.
             Was the Champion of Cheibriados.
             Killed from afar by a lich (37 damage)
             ... with a bolt of fire
             ... on level 2 of the Tomb of the Ancients on June 15, 2018.
             The game lasted 02:23:41 (20235 turns).

4thArraOfDagon the Impaler (Hill Orc Fighter)      Turns: 20235, Time: 02:23:42

Health: -11/314    AC: 29    Str: 38      XL:     27
Magic:  3/35       EV: 29    Int: 35 (37) God:    Cheibriados [******]
Gold:   2564       SH:  0    Dex: 33      Spells: 7/50 levels left

rFire    + . .     SeeInvis .   a - +0 executioner's axe (elec)
rCold    + . .     Gourm    .   (shield currently unavailable)
rNeg     + + +     Faith    .   (armour currently unavailable)
rPois    ∞         Spirit   .   (helmet restricted)
rElec    +         Reflect  .   (no cloak)
rCorr    .         Harm     .   (gloves currently unavailable)
MR       +++++     Clarity  +   (boots currently unavailable)
Stlth    ++........             h - amulet of the Four Winds {rN+ MR+++ Clar}
HPRegen  1.62/turn              e - ring of Sif Muna's Hatred {*Drain rC+ rN+ Dex+6}
MPRegen  0.24/turn              m - ring "Fudahuhu" {+Blink +Inv rF+ Int+5}

@: statue-form, regenerating (expiring), slowed, studying Shields, very slow
A: horns 1, agile 1, deterioration 1, low mp 1, magic resistance 1, mutation
resistance 1
}: 4/15 runes: serpentine, barnacled, slimy, silver
a: End Transformation, Bend Time, Temporal Distortion, Slouch, Step From Time,
Renounce Religion, Evoke Blink, Evoke Invisibility


You were on level 2 of the Tomb of the Ancients.
You worshipped Cheibriados.
Cheibriados was exalted by your worship.
You were not hungry.
You were a stone statue.
You visited 11 branches of the dungeon, and saw 50 of its levels.
You visited 1 bazaar.
You also visited: Ice Cave and Wizlab.

You collected 5505 gold pieces.
You spent 2941 gold pieces at shops.

Inventory:

Hand Weapons
 a - a +0 executioner's axe of electrocution (weapon)
 b - the +12 glaive of Prune {chop}
   (You found it on level 5 of the Dungeon)

   It inflicts extra damage upon your enemies.
 U - a +2 demon trident of flaming
Missiles
 R - 10 throwing nets (quivered)
Armour
 n - the +0 Maxwell's etheric cage {RegenMP+ *Contam rElec MP+4}
   (You found it on level 3 of the Elven Halls)

   It insulates you from electricity.
   It affects your magic capacity (+4).
   It causes magical contamination when unequipped.
 C - the cursed +0 pair of gloves "Udghoez" (melded) {Slay+5}
   (You found it on level 3 of the Crypt)

   It affects your accuracy and damage with ranged weapons and melee attacks
   (+5).
   It has a curse placed upon it.
 N - a +4 troll leather armour (melded)
 Z - the +2 pair of boots of the Assassin (melded) {Detection Stab+ Stlth++}
   (You acquired it on level 5 of the Vaults)

   It makes you much more stealthy.
Magical Staves
 F - an uncursed staff of conjuration {!a}
 H - an uncursed staff of wizardry {!a}
Jewellery
 e - the ring of Sif Muna's Hatred (left hand) {*Drain rC+ rN+ Dex+6}
   (You found it on level 3 of the Crypt)

   [ring of positive energy]

   It affects your dexterity (+6).
   It protects you from cold.
   It protects you from negative energy.
   It causes draining when unequipped.
 h - the amulet of the Four Winds (around neck) {rN+ MR+++ Clar}
   (You bought it in a shop on level 13 of the Dungeon)

   [amulet of nothing]

   It protects you from negative energy.
   It affects your resistance to hostile enchantments.
   It protects you against confusion.
 m - the ring "Fudahuhu" (right hand) {+Blink +Inv rF+ Int+5}
   (You bought it in a shop on level 13 of the Dungeon)

   [ring of protection from fire]

   It affects your intelligence (+5).
   It protects you from fire.
   It lets you turn invisible.
   It lets you blink.
 v - an uncursed ring of poison resistance
 w - an uncursed ring of see invisible
 B - an uncursed ring of positive energy
 P - an uncursed ring of protection from magic
 Q - the ring "Bath" {Ice Str+8 Dex-2}
   (You found it on level 3 of the Elven Halls)

   [ring of ice]

   It enhances your ice magic.
   It affects your strength (+8).
   It affects your dexterity (-2).
   It makes you vulnerable to fire.
   It protects you from cold.
Wands
 x - a wand of polymorph (23)
 A - a wand of iceblast (15)
 E - a wand of paralysis (52)
 K - a wand of digging (23)
 M - a wand of flame (29)
 O - a wand of clouds (9)
 S - a wand of acid (5)
Scrolls
 g - 13 scrolls of remove curse
 p - 2 scrolls of summoning
 q - 7 scrolls of teleportation
 u - 3 scrolls of identify
 y - 10 scrolls of fog
 z - 5 scrolls of fear
 J - a scroll of immolation
Potions
 d - 5 potions of heal wounds
 i - 3 potions of invisibility
 j - 6 potions of flight
 k - 5 potions of brilliance
 l - a potion of ambrosia
 r - a potion of lignification
 s - 2 potions of cancellation
 t - 10 potions of curing
 D - 4 potions of degeneration
 G - 3 potions of mutation
 I - 3 potions of magic
 T - a potion of resistance
 V - 2 potions of agility
 Y - 4 potions of might
Books
 o - a manual of Shields
Miscellaneous
 c - a lamp of fire
 W - a lightning rod (4/4)
Comestibles
 f - 44 rations


   Skills:
 + Level 18.9 Fighting
 * Level 16.9(21.6) Axes
 - Level 19.7(21.2) Polearms
 - Level 4.1 Armour
 + Level 13.8 Dodging
 - Level 3.2 Shields
 + Level 12.4 Spellcasting
 - Level 3.0 Charms
 - Level 5.0 Necromancy
 * Level 14.8 Translocations
 - Level 7.1 Transmutations
 - Level 14.3 Earth Magic
 + Level 16.6 Invocations


You had 7 spell levels left.
You knew the following spells:

 Your Spells              Type           Power        Failure   Level  Hunger
a - Statue Form           Tmut/Erth      #######..    3%          6    ###....
b - Controlled Blink      Tloc           N/A          28%         8    ######.
c - Lee's Rapid Deconstr  Erth           #######...   1%          5    None
d - Passwall              Tmut/Erth      #######.     1%          2    None
e - Regeneration          Chrm/Necr      #####.....   1%          3    None
f - Passage of Golubria   Tloc           N/A          1%          4    None
g - Sublimation of Blood  Necr           ######....   1%          2    None
h - Borgnjor's Vile Clut  Necr/Erth      ######....   1%          5    None
i - Ignition              Fire           ###.......   100%        8    ######.

Your spell library contained the following spells:

 Spells                   Type           Power        Failure   Level  Hunger
 Bolt of Cold             Conj/Ice       ###.......   96%         6    ###....
 Lightning Bolt           Conj/Air       ###.......   47%         5    None
 Invisibility             Hex            ###.....     96%         6    ###....
 Throw Frost              Conj/Ice       ###...       3%          2    None
 Freezing Cloud           Conj/Ice/Air   ###.......   96%         6    ###....
 Ring of Flames           Chrm/Fire      ####......   100%        7    #####..
 Teleport Other           Tloc           #######.     0%          3    None
 Death's Door             Chrm/Necr      #####.....   100%        8    ######.
 Blink                    Tloc           N/A          0%          2    None
 Animate Dead             Necr           N/A          2%          4    None
 Animate Skeleton         Necr           N/A          1%          1    None
 Ozocubu's Refrigeration  Ice            ###.......   96%         6    ###....
 Ozocubu's Armour         Chrm/Ice       ####....     3%          3    None
 Corpse Rot               Necr           N/A          1%          2    None
 Stone Arrow              Conj/Erth      ######       1%          3    None
 Swiftness                Chrm/Air       ####....     1%          2    None
 Recall                   Summ/Tloc      N/A          1%          3    None
 Agony                    Necr           ######..     7%          5    None
 Ice Form                 Ice/Tmut       #####...     4%          4    None
 Dragon Form              Tmut           ######....   65%         7    #####..
 Death Channel            Necr           ######....   36%         6    ###....
 Ensorcelled Hibernation  Hex/Ice        ###...       3%          2    None
 Shatter                  Erth           #######...   99%         9    #######
 Dispersal                Tloc           #######...   1%          6    ###....
 Static Discharge         Conj/Air       ###.....     6%          3    None
 Sandblast                Erth           ######       0%          1    None
 Simulacrum               Ice/Necr       #####.....   71%         6    ###....
 Excruciating Wounds      Chrm/Necr      #####.....   11%         5    None
 Portal Projectile        Hex/Tloc       ######       1%          3    None
 Petrify                  Tmut/Erth      #######.     1%          4    None
 Tornado                  Air            ###.......   100%        9    #######
 Darkness                 Hex            ###.......   96%         6    ###....
 Shroud of Golubria       Chrm/Tloc      ######....   1%          2    None
 Disjunction              Tloc           #######...   28%         8    ######.
 Force Lance              Conj/Tloc      ######..     1%          4    None
 Song of Slaying          Chrm           #####...     1%          2    None
 Spectral Weapon          Hex/Chrm       ####....     3%          3    None
 Hydra Form               Tmut           ######....   16%         6    ###....
 Irradiate                Conj/Tmut      #####.....   13%         5    None
 Gell's Gravitas          Tloc           #######...   0%          3    None
 Lesser Beckoning         Tloc           #######...   0%          3    None


Dungeon Overview and Level Annotations

Branches:
Dungeon (15/15)            Temple (1/1) D:4            Lair (6/6) D:9
 Shoals (4/4) Lair:4        Snake (4/4) Lair:3        Slime (5/5) Lair:6
    Orc (2/2) D:12            Elf (3/3) Orc:2        Vaults (5/5) D:13
  Crypt (3/3) Vaults:3       Tomb (2/3) Crypt:3      Depths (0/5) D:15

Altars:
Ashenzari
Cheibriados
Elyvilon
Hepliaklqana
Kikubaaqudgha
Nemelex Xobeh
Okawaru
Qazlal
Ru
Vehumet
Wu Jian
Xom
Yredelemnul
The Shining One
Jiyva

Shops:
D:13 *=:   Orc:2 [!*(}*   Elf:1 (   Elf:2 *   Snake:1 %=:[[

Annotations:
Elf:2 4 runed doors
Crypt:1 1 transporter


Innate Abilities, Weirdness & Mutations

You have a pair of small horns on your head.
You are agile. (Dex +2)
Your body sometimes deteriorates upon taking damage.
Your magical capacity is low. (-10% MP)
You are resistant to hostile enchantments. (MR+)
You are somewhat resistant to further mutation.


Message History

You feel extremely nervous for a moment...
Flickering shadows surround you.
The hellwing disappears in a puff of smoke!
The orange demon disappears in a puff of smoke!
You destroy the shadow!
You destroy the mummy!
Cheibriados thoroughly appreciates the change of pace.
The quicksilver dragon simulacrum vapourises!
You destroy the mummy!
Cheibriados appreciates the change of pace.
You destroy the mummy!
Cheibriados appreciates the change of pace.
You destroy the mummy!
Cheibriados appreciates the change of pace.
You destroy the shadow!
You destroy the mummy!
Cheibriados thoroughly appreciates the change of pace.
You feel somewhat more hungry.
You hear some strange, mumbled words.
A bolt of fire appears from out of thin air!
The bolt of fire hits you! You resist.
You die...

...3§M..#
...........†.......#
.......$.........[.#
..........(...[...)#
%.....#...#........#
.......2...........#
......M............#
......({†§§§.......#
.......8{..†....
......(†§††.....
........(§......
......†.........
..........).....
....$...........
................
................
......#...#.....


You could see a cacodemon and a mummy priest.

Vanquished Creatures
  the Royal Jelly (Slime:5)
  2 ancient liches
  5 greater mummies
  Sojobo (Vaults:2)
  Saint Roka (Orc:2)
  Margery (Vaults:4)
  2 curse toes (Crypt:3)
  Xtahua (Vaults:4)
  Jory (Crypt:1)
  Rupert (Lair:3)
  2 tentacled monstrosities (Vaults:5)
  2 liches
  2 deep elf master archers (Elf:3)
  Asterion (Snake:1)
  4 titans (Vaults:5)
  A deep elf blademaster (Elf:3)
  A quicksilver dragon (Vaults:5)
  25 acid blobs
  8 ancient champions
  Kirke (Lair:5)
  Donald (Shoals:3)
  11 sphinxes
  5 tengu reavers
  2 storm dragons (Vaults:5)
  6 revenants
  18 azure jellies
  Ilsuiw (Shoals:3)
  10 nagarajas
  6 fire giants
  9 deep elf sorcerers
  An orc warlord (Vaults:4)
  2 frost giants (Vaults:5)
  8 vault wardens
  3 deep elf elementalists (Elf:3)
  5 ghouls (Crypt:2)
  4 curse skulls
  10 ironheart preservers
  A reaper (Crypt:2)
  Aizul (Shoals:4)
  A very ugly thing (Vaults:5)
  3 war gargoyles (Vaults:5)
  2 bennus (Tomb:1)
  3 entropy weavers
  7 vampire knights
  8 stone giants
  9 deep elf annihilators
  5 deep elf demonologists
  A dire elephant (Lair:6)
  8 merfolk javelineers (Shoals:4)
  11 merfolk impalers
  10 deep elf death magi
  5 eidola
  22 death oozes
  9 jiangshi
  Snorg (Orc:2)
  A blizzard demon (IceCv)
  5 ettins
  8 mummy priests
  28 vault guards
  5 hydras
  7 deep elf high priests
  11 yaktaur captains
  An ice dragon (Vaults:2)
  6 great orbs of eyes
  9 naga warriors
  A rakshasa (Vaults:3)
  A catoblepas (D:13)
  7 merfolk avatars
  An alligator snapping turtle (Shoals:4)
  10 merfolk aquamancers
  2 death knights
  2 centaur warriors
  12 anacondas
  A two-headed ogre (shapeshifter) (Vaults:3)
  30 two-headed ogres
  8 ogre magi
  8 dancing weapons
  6 vampire magi
  19 death scarabs (Tomb:2)
  3 death yaks (Lair:6)
  8 hell knights
  9 naga sharpshooters
  7 shock serpents
  15 deep elf knights
  Sonja (Orc:2)
  A small abomination (Elf:3)
  3 soul eaters
  27 skeletal warriors
  8 salamander mystics
  3 shadow wraiths (Crypt:3)
  A glowing orange brain (Slime:5)
  5 naga ritualists
  18 sea snakes
  An unseen horror (D:14)
  An anaconda zombie (Tomb:1)
  4 flayed ghosts (Crypt:2)
  4 wizards
  A golden dragon zombie (Crypt:1)
  7 deep trolls
  A storm dragon skeleton (Vaults:3)
  16 deep elf archers
  6 orc knights
  9 ironbrand convokers
  7 lindwurms
  8 phantasmal warriors
  23 harpies
  A wolf spider (Vaults:4)
  8 salamanders
  2 orc sorcerers
  7 mana vipers
  9 necromancers
  A fire giant zombie (Crypt:2)
  40 deep elf magi
  3 ugly things
  9 shining eyes
  21 manticores
  10 merfolk sirens
  8 fauns
  9 cyclopes
  8 guardian serpents
  11 elephants
  42 black mambas
  A stone giant skeleton (Vaults:3)
  A salamander (shapeshifter) (Vaults:4)
  3 ice statues
  9 vault sentinels
  13 spiny frogs
  2 molten gargoyles (Vaults:3)
  28 naga magi
  6 water nymphs
  4 eyes of devastation (Slime:4)
  A swamp worm zombie (Crypt:2)
  A gargoyle (D:10)
  A shock serpent skeleton (Crypt:2)
  A purple draconian zombie (Crypt:1)
  A death yak zombie (Crypt:1)
  5 komodo dragons
  8 freezing wraiths
  4 anaconda simulacra (IceCv)
  2 rime drakes (Lair:6)
  2 golden dragon simulacra (IceCv)
  7 ice devils (IceCv)
  14 yaktaurs
  19 guardian mummies
  32 merfolk
  18 trolls
  5 wind drakes
  A queen ant zombie (Crypt:1)
  78 slime creatures
  2 hornets
  A green draconian skeleton (Crypt:1)
  A hippogriff (shapeshifter) (D:14)
  3 blink frogs (Lair:5)
  10 snapping turtles
  A wolf spider simulacrum (IceCv)
  A raiju (shapeshifter) (Elf:1)
  6 dream sheep
  12 hippogriffs
  2 bog bodies (Crypt:2)
  A satyr skeleton (Crypt:1)
  2 redbacks
  3 flying skulls (Tomb:2)
  2 shadows (Crypt:2)
  4 ushabtiu
  2 air elementals (Elf:3)
  An ice dragon skeleton (Tomb:2)
  8 vampires
  38 yaks
  2 basilisks (Lair:6)
  2 tarantellas
  7 wraiths
  17 water elementals
  5 fire elementals
  19 humans (D:13)
  4 golden eyes (Slime:5)
  A hog (Lair:5)
  A hungry ghost (D:8)
  3 death yak simulacra (IceCv)
  A steam dragon (D:10)
  A tyrant leech zombie (Crypt:3)
  6 wargs
  3 iron troll simulacra (IceCv)
  A yaktaur simulacrum (Vaults:3)
  7 large abominations
  3 harpy simulacra (IceCv)
  6 two-headed ogre zombies (WizLab)
  42 nagas
  A soldier ant (D:14)
  2 hydra simulacra
  A floating eye (Slime:4)
  8 water moccasins
  9 ice beasts
  23 orc warriors
  5 porcupines
  A spiny frog skeleton (Crypt:3)
  2 sky beasts
  5 eyes of draining
  An eye of draining (shapeshifter) (Vaults:5)
  2 ettin simulacra (IceCv)
  A necrophage (Crypt:2)
  A black mamba simulacrum (Vaults:3)
  2 fire dragon simulacra (Vaults:3)
  9 wolves
  44 ogres
  6 centaurs
  8 crocodiles
  A big kobold (D:10)
  3 elf zombies (Elf:1)
  9 bullfrogs
  2 earth elementals
  A scorpion (D:4)
  A polar bear zombie (Crypt:2)
  10 troll zombies
  3 killer bees (D:7)
  A swamp dragon simulacrum (Crypt:3)
  3 elephant simulacra (Vaults:3)
  A spriggan skeleton (Crypt:3)
  3 wights (WizLab)
  A howler monkey (D:5)
  2 electric eels (D:9)
  A centaur zombie (D:5)
  3 crimson imps
  A draconian simulacrum (IceCv)
  A bullfrog zombie (D:9)
  3 hounds
  12 jellies
  A wyvern simulacrum (D:9)
  12 orc priests
  3 bullfrog skeletons
  3 iguanas
  7 worker ants
  Natasha (D:4)
  19 orc wizards
  2 spriggan simulacra (IceCv)
  2 polar bear simulacra (IceCv)
  A porcupine skeleton (Crypt:2)
  3 troll simulacra (IceCv)
  6 ogre zombies (WizLab)
  3 bullfrog simulacra (D:9)
  A centaur simulacrum (IceCv)
  A tengu skeleton (Crypt:1)
  32 mummies
  A human simulacrum (Crypt:3)
  A hound skeleton (Crypt:2)
  8 adders
  3 gnolls (D:5)
  2 ogre simulacra (IceCv)
  6 naga simulacra
  A river rat (D:9)
  2 shadow imps
  5 white imps
  2 ufetubi
  2 oozes
  2 adder zombies
  3 adder skeletons
  2 worms
  An adder simulacrum (D:9)
  2 dart slugs
  6 leopard geckos
  63 orcs
  6 giant cockroaches
  10 hobgoblins
  2 kobolds
  3 quokkas
  3 ball pythons
  5 bats
  3 frilled lizards
  A giant cockroach zombie (D:5)
  A gnoll skeleton (Crypt:1)
  A jackal skeleton (D:4)
  A leopard gecko zombie (D:5)
  A quokka simulacrum (D:9)
  A quokka skeleton (Crypt:2)
  2 quokka zombies
  6 rats
  2 crawling corpses (Elf:3)
  5 plants
  A withered plant (D:9)
1801 creatures vanquished.

Vanquished Creatures (collateral kills)
  An acid blob (Slime:5)
  An azure jelly (Slime:5)
2 creatures vanquished.

Vanquished Creatures (others)
  A blizzard demon (IceCv)
  12 death scarabs (Tomb:2)
  A ghost moth zombie (Crypt:3)
  2 deep elf magi (Elf:1)
  A necromancer (Elf:1)
  A polar bear (D:9)
  A vampire (Crypt:3)
  An orc warrior (Vaults:5)
  6 mummies
  2 ufetubi (IceCv)
  10 fungi
  18 plants
56 creatures vanquished.

Grand Total: 1859 creatures vanquished

Notes
Turn   | Place    | Note
-------+----------+-------------------------------------------
     0 | D:1      | 4thArraOfDagon the Hill Orc Fighter began the quest for the Orb.
     0 | D:1      | Reached XP level 1. HP: 19/19 MP: 1/1
    72 | D:2      | Reached XP level 2. HP: 27/27 MP: 2/2
   221 | D:4      | Found a snail-covered altar of Cheibriados.
   224 | D:4      | Became a worshipper of Cheibriados the Contemplative
   268 | D:3      | Found an iron altar of Okawaru.
   361 | D:2      | Reached XP level 3. HP: 29/33 MP: 3/3
   578 | D:2      | Reached * piety under Cheibriados
   592 | D:2      | Reached skill level 1 in Invocations
   622 | D:2      | Reached XP level 4. HP: 40/40 MP: 4/4
   778 | D:3      | Found a white marble altar of Elyvilon.
   948 | D:4      | Noticed Natasha
   952 | D:4      | Killed Natasha
  1025 | D:4      | Noticed an ogre
  1031 | D:4      | Killed an ogre
  1031 | D:4      | Reached skill level 1 in Dodging
  1031 | D:4      | Reached skill level 1 in Spellcasting
  1031 | D:4      | Reached XP level 5. HP: 46/47 MP: 6/6
  1045 | D:4      | Found a staircase to the Ecumenical Temple.
  1052 | D:4      | Reached skill level 5 in Axes
  1113 | D:4      | Reached XP level 6. HP: 8/53 MP: 4/8
  1122 | Temple   | Entered the Ecumenical Temple
  1160 | Temple   | Learned a level 6 spell: Statue Form
  1301 | D:5      | Entered Level 5 of the Dungeon
  1321 | D:5      | Noticed a sky beast
  1335 | D:5      | Killed a sky beast
  1335 | D:5      | Reached skill level 1 in Earth Magic
  1358 | D:5      | Found the +12 glaive of Prune {chop}
  1360 | D:5      | Reached XP level 7. HP: 34/60 MP: 9/9
  1371 | D:5      | Reached ** piety under Cheibriados
  1447 | D:5      | Reached skill level 1 in Transmutations
  1556 | D:5      | Reached skill level 5 in Fighting
  1563 | D:5      | Reached skill level 1 in Polearms
  1726 | D:6      | Reached skill level 2 in Polearms
  1726 | D:6      | Reached XP level 8. HP: 50/68 MP: 10/10
  1739 | D:5      | Found a radiant altar of Vehumet.
  1739 | D:5      | Found a sacrificial altar of Ru.
  1828 | D:6      | Reached *** piety under Cheibriados
  2052 | D:7      | Noticed a two-headed ogre
  2066 | D:7      | Killed a two-headed ogre
  2066 | D:7      | Reached skill level 4 in Polearms
  2066 | D:7      | Reached XP level 9. HP: 37/75 MP: 8/12
  2359 | D:8      | Noticed Prince Ribbit
  2512 | D:8      | Noticed Prince Ribbit
  2512 | D:8      | Prince Ribbit changed into Prince Ribbit the crocodile
  2514 | D:8      | Killed Prince Ribbit the crocodile
  2516 | D:8      | Noticed a hornet
  2520 | D:8      | a hornet changed into a crocodile
  2535 | D:8      | Reached skill level 5 in Invocations
  2551 | D:8      | Reached **** piety under Cheibriados
  2709 | D:8      | Noticed a two-headed ogre
  2716 | D:8      | Killed a two-headed ogre
  2716 | D:8      | Reached skill level 5 in Polearms
  2716 | D:8      | Reached skill level 5 in Earth Magic
  2731 | D:8      | Reached XP level 10. HP: 84/84 MP: 14/14
  2907 | D:8      | Found an ornate altar of the Wu Jian Council.
  2987 | D:9      | Noticed a two-headed ogre
  3004 | D:9      | Killed a two-headed ogre
  3004 | D:9      | Reached skill level 6 in Polearms
  3106 | D:9      | Found an ancient bone altar of Kikubaaqudgha.
  3148 | D:9      | Found a staircase to the Lair.
  3316 | D:10     | Entered Level 10 of the Dungeon
  3319 | D:10     | Found a shimmering altar of Xom.
  3320 | D:10     | Found a shimmering altar of Xom.
  3334 | D:10     | Noticed a gargoyle
  3342 | D:10     | Killed a gargoyle
  3352 | D:10     | Noticed a two-headed ogre
  3359 | D:10     | Killed a two-headed ogre
  3359 | D:10     | Reached skill level 7 in Polearms
  3359 | D:10     | Reached skill level 5 in Transmutations
  3359 | D:10     | Reached XP level 11. HP: 92/92 MP: 16/16
  3420 | D:9      | Found a hazy altar of Hepliaklqana.
  3461 | D:10     | Found a shimmering altar of Xom.
  3739 | D:11     | Found a shattered altar of Ashenzari.
  3779 | D:11     | Noticed a green ugly thing
  3787 | D:11     | Killed a green ugly thing
  3860 | D:11     | Noticed a two-headed ogre
  3869 | D:11     | Killed a two-headed ogre
  3937 | D:12     | Found a stormy altar of Qazlal.
  4000 | D:12     | Found a staircase to the Orcish Mines.
  4094 | D:11     | Noticed a two-headed ogre
  4095 | D:11     | Noticed a cyan ugly thing
  4101 | D:11     | Killed a two-headed ogre
  4107 | D:11     | Killed a cyan ugly thing
  4160 | D:11     | Reached skill level 8 in Polearms
  4308 | Lair:1   | Entered Level 1 of the Lair of Beasts
  4333 | Lair:1   | Found a sparkling altar of Nemelex Xobeh.
  4374 | Lair:1   | Noticed a four-headed hydra
  4429 | Lair:3   | Noticed Rupert
  4447 | Lair:2   | Reached XP level 12. HP: 62/103 MP: 18/18
  4463 | Lair:2   | Noticed an eight-headed hydra
  4535 | Lair:2   | Noticed a six-headed hydra
  4609 | Lair:3   | Killed Rupert
  4609 | Lair:3   | Reached skill level 9 in Polearms
  4609 | Lair:3   | Reached skill level 5 in Dodging
  4644 | Lair:3   | Reached skill level 5 in Spellcasting
  4706 | Lair:2   | Reached ***** piety under Cheibriados
  4716 | Lair:2   | Killed an 11-headed hydra
  4792 | Lair:3   | Found a staircase to the Snake Pit.
  4885 | Lair:4   | Found a staircase to the Shoals.
  4896 | Lair:4   | Reached skill level 10 in Polearms
  4960 | Lair:5   | Reached XP level 13. HP: 74/111 MP: 20/20
  5076 | Lair:6   | Entered Level 6 of the Lair of Beasts
  5316 | Lair:6   | Reached skill level 10 in Earth Magic
  5473 | Lair:6   | Reached skill level 10 in Fighting
  5476 | Lair:6   | Reached skill level 11 in Polearms
  5492 | Lair:6   | Reached ****** piety under Cheibriados
  5558 | Lair:6   | Found a staircase to the Slime Pits.
  5709 | Lair:6   | Noticed a dire elephant
  5718 | Lair:6   | Killed a dire elephant
  5775 | Lair:6   | Reached XP level 14. HP: 51/122 MP: 20/23
  5888 | Lair:5   | Noticed Kirke
  5890 | Lair:5   | Killed Kirke
  5930 | Shoals:1 | Entered Level 1 of the Shoals
  5950 | Shoals:1 | Reached skill level 12 in Polearms
  6228 | Shoals:1 | Turgon: !stalk $p
  6235 | Shoals:1 | XtahuaRules: 4thArraOfDagon the L14 HOFi^Chei in Shoals:1 (cxc tiles), 0:32:39, T:5930, defenses: 9/19/0, stats: 35/27/25
  6295 | Shoals:1 | Turgon: 5.9 k
  6318 | Shoals:1 | Turgon: You have 10.2 k left
  6556 | Shoals:3 | Noticed Donald
  6587 | Shoals:2 | Turgon: ?? Donald Duck
  6589 | Shoals:2 | XtahuaRules: I don't have a page labeled Donald_Duck in my learndb.
  6644 | Shoals:3 | Reached skill level 13 in Polearms
  6663 | Shoals:3 | Killed Donald
  6663 | Shoals:3 | Reached XP level 15. HP: 109/130 MP: 16/25
  6912 | Shoals:3 | Noticed Ilsuiw
  6932 | Shoals:3 | Killed Ilsuiw
  7157 | Shoals:3 | Turgon: Slouch again to save your char - and piety is down to 3* !
  7402 | Shoals:4 | Entered Level 4 of the Shoals
  7580 | Shoals:4 | Reached skill level 14 in Polearms
  7817 | Shoals:4 | Upgraded the game from 0.22-a0-479-gc6e99f3 to 0.22-a0-480-g991dd4b
  7908 | Shoals:4 | Reached XP level 16. HP: 141/141 MP: 21/27
  8318 | Shoals:3 | iamserjio: hello, is shoals first rune?
  8414 | Shoals:4 | Reached skill level 15 in Polearms
  8454 | Shoals:4 | Noticed Aizul
  8463 | Shoals:4 | Killed Aizul
  8598 | Shoals:4 | Got a barnacled rune of Zot
  8832 | Lair:3   | Sergey: hello
  8838 | Snake:1  | Entered Level 1 of the Snake Pit
  8975 | Snake:1  | Found Lafe Xixt's Food Boutique.
  8978 | Snake:1  | Found Guveerec's Book Shop.
  8978 | Snake:1  | Found Veradug's Jewellery Boutique.
  8981 | Snake:1  | Found Veipneqiri's Armour Shop.
  8999 | Snake:1  | iamserjio: sergey, Im on 18k with 2 runes in slime 5 - need some support to kill damn Trj
  9011 | Snake:1  | Sergey: !watch iamserjio
  9011 | Snake:1  | XtahuaRules: http://crawl.xtahua.com:8080/#watch-iamserjio
  9011 | Snake:1  | Bought a book of the Warp for 990 gold pieces
  9020 | Snake:1  | Learned a level 8 spell: Controlled Blink
  9054 | Snake:2  | Reached XP level 17. HP: 150/150 MP: 24/29
  9093 | Snake:2  | Reached skill level 1 in Translocations
  9114 | Snake:1  | Found Gutwej's Antique Armour Boutique.
  9114 | Snake:1  | Noticed Asterion
  9121 | Snake:1  | Killed Asterion
  9387 | Snake:3  | Reached skill level 16 in Polearms
  9441 | Snake:3  | Found a frozen archway.
  9448 | IceCv    | Entered an ice cave
  9716 | IceCv    | p0werm0de: y0y0
  9812 | IceCv    | Identified a scroll of acquirement
  9952 | Snake:4  | Entered Level 4 of the Snake Pit
 10249 | Snake:4  | Reached skill level 10 in Dodging
 10249 | Snake:4  | Reached skill level 5 in Translocations
 10256 | Snake:4  | Reached XP level 18. HP: 100/160 MP: 31/31
 10450 | Snake:4  | Reached skill level 17 in Polearms
 10500 | Snake:3  | Learned a level 5 spell: Lee's Rapid Deconstruction
 10820 | Snake:4  | Got a serpentine rune of Zot
 11038 | Snake:1  | Learned a level 2 spell: Passwall
 11128 | Slime:1  | Entered Level 1 of the Pits of Slime
 11278 | Slime:2  | Reached XP level 19. HP: 169/169 MP: 4/32
 11332 | Slime:3  | Reached skill level 10 in Invocations
 11389 | Slime:3  | Reached skill level 15 in Fighting
 11519 | Slime:5  | Entered Level 5 of the Pits of Slime
 11520 | Slime:5  | Gained mutation: You do not regenerate when monsters are visible. [a shining eye]
 11522 | Slime:5  | Gained mutation: You are frail. (-10% HP) [a shining eye]
 11541 | Slime:4  | Reached skill level 18 in Polearms
 11625 | Slime:4  | Lost mutation: You do not regenerate when monsters are visible. [potion of mutation]
 11625 | Slime:4  | Lost mutation: You are frail. (-10% HP) [potion of mutation]
 11625 | Slime:4  | Gained mutation: Your body sometimes deteriorates upon taking damage. [potion of mutation]
 11625 | Slime:4  | Gained mutation: You are clumsy. (Dex -2) [potion of mutation]
 11625 | Slime:4  | Gained mutation: You are very clumsy. (Dex -4) [potion of mutation]
 11625 | Slime:4  | Lost mutation: You are very clumsy. (Dex -4) [potion of mutation]
 11708 | Slime:5  | Found a viscous altar of Jiyva.
 11723 | Slime:5  | Noticed the Royal Jelly
 11753 | Slime:4  | Paralysed by a floating eye for 4 turns
 11868 | Slime:5  | Gained mutation: Your muscles are strong. (Str +2) [a shining eye]
 12312 | Slime:5  | Gained mutation: Your body often deteriorates upon taking damage. [a shining eye]
 12321 | Slime:5  | Lost mutation: Your body often deteriorates upon taking damage. [potion of mutation]
 12321 | Slime:5  | Lost mutation: You are clumsy. (Dex -2) [potion of mutation]
 12321 | Slime:5  | Lost mutation: Your muscles are strong. (Str +2) [potion of mutation]
 12321 | Slime:5  | Gained mutation: You are resistant to hostile enchantments. (MR+) [potion of mutation]
 12321 | Slime:5  | Gained mutation: You are partially covered in thin metallic scales. (AC +2) [potion of mutation]
 12417 | Slime:5  | :(
 12419 | Slime:5  | HP: 9/219 [azure jelly[the Royal Jelly] (34)]
 12666 | Orc:1    | Entered Level 1 of the Orcish Mines
 12908 | Orc:2    | Entered Level 2 of the Orcish Mines
 12908 | Orc:2    | Found a staircase to the Elven Halls.
 12941 | Orc:2    | Noticed Snorg
 12950 | Orc:2    | Killed Snorg
 13020 | Orc:2    | Noticed Saint Roka
 13035 | Orc:2    | Killed Saint Roka
 13042 | Orc:2    | Noticed Sonja
 13062 | Orc:2    | Killed Sonja
 13069 | Orc:2    | Found Vopaesch's Gadget Shoppe.
 13121 | Orc:2    | Reached XP level 20. HP: 179/179 MP: 33/33
 13164 | Orc:2    | Found Emici's General Store.
 13181 | Orc:2    | Found Xeasef's Assorted Antiques.
 13198 | Orc:2    | Found Piffel's Antique Armour Shop.
 13201 | Orc:2    | Found Nouzext's Antique Weapon Emporium.
 13205 | Orc:2    | Found Xytyuf's Distillery.
 13214 | Orc:2    | Bought a potion of heal wounds for 75 gold pieces
 13214 | Orc:2    | Bought a potion of heal wounds for 75 gold pieces
 13214 | Orc:2    | Bought a potion of might for 60 gold pieces
 13233 | Orc:2    | Bought a scroll of fog for 54 gold pieces
 13248 | Orc:2    | Bought a scroll of teleportation for 45 gold pieces
 13248 | Orc:2    | Bought 2 potions of heal wounds for 150 gold pieces
 13296 | Elf:1    | Entered Level 1 of the Elven Halls
 13355 | Elf:1    | Found Pibiag's Weapon Boutique.
 13584 | Elf:1    | Identified the Compendium of Unholy Secrets
 13590 | Elf:1    | Learned a level 3 spell: Regeneration
 13660 | Elf:3    | Entered Level 3 of the Elven Halls
 13727 | Elf:3    | Sergey: $dump $p
 13733 | Elf:3    | Reached skill level 19 in Polearms
 13737 | Elf:3    | Sergey: #dump $p
 13853 | Elf:3    | Reached skill level 10 in Translocations
 13964 | Elf:3    | Found an ancient bone altar of Kikubaaqudgha.
 14034 | Elf:3    | Noticed a Tzitzimitl
 14057 | Elf:3    | Got a transparent robe
 14065 | Elf:3    | Identified the +2 robe of Zaxuf {rC+ Dex+4} (You took it off a deep elf annihilator on level 3 of the Elven Halls)
 14100 | Elf:3    | Gained mutation: Armour fits poorly on your strangely shaped body. [a cacodemon]
 14101 | Elf:3    | Gained mutation: Your magical capacity is low. (-10% MP) [a cacodemon]
 14358 | Elf:3    | Reached XP level 21. HP: 181/189 MP: 30/30
 14485 | Elf:3    | Found the +0 Maxwell's etheric cage {RegenMP+ *Contam rElec MP+4}
 14485 | Elf:3    | Found the +2 hat of the Bear Spirit {Spirit, +Rage rN+ MR++}
 14492 | Elf:3    | Identified the Almanac of Lucky Snow
 14500 | Elf:3    | Identified the +1 plate armour of the Invisible Lovers {Int+5} (You found it on level 3 of the Elven Halls)
 14503 | Elf:3    | Identified Sif Muna's Grimoire of Bewitching Aid
 14509 | Elf:3    | Got a slimy ivory ring
 14545 | Elf:3    | Identified the ring "Bath" {Ice Str+8 Dex-2} (You found it on level 3 of the Elven Halls)
 14599 | Elf:2    | Found Zawkic's General Store.
 14615 | Elf:2    | Bought a potion of curing for 36 gold pieces
 14691 | Elf:2    | Found a huge runed gate.
 14691 | Elf:2    | Found a huge runed gate.
 14691 | Elf:2    | Found a huge runed gate.
 14691 | Elf:2    | Found a huge runed gate.
 15008 | Slime:1  | Gained mutation: You are frail. (-10% HP) [a shining eye]
 15010 | Slime:1  | Gained mutation: You are clumsy. (Dex -2) [a shining eye]
 15164 | Slime:5  | Sergey: why you used fly ?
 15195 | Slime:5  | Killed the Royal Jelly
 15215 | Slime:5  | Got a slimy rune of Zot
 15320 | Slime:5  | Got an ichor-stained bardiche
 15321 | Slime:5  | Identified the cursed +1 bardiche of the Crypt {protect, Int+2} (You found it on level 5 of the Pits of Slime)
 15669 | D:15     | Entered Level 15 of the Dungeon
 15729 | D:15     | Found a flickering gateway to a bazaar.
 15750 | Bazaar   | Entered a bazaar
 15750 | Bazaar   | Found Keupteh's Antique Armour Shoppe.
 15750 | Bazaar   | Found Loyvog's Antique Weapon Shoppe.
 15750 | Bazaar   | Found Exoeruc's Antique Weapon Emporium.
 15752 | Bazaar   | Found Leprytiu's Food Emporium.
 15834 | D:14     | Learned a level 4 spell: Passage of Golubria
 15859 | D:13     | Found Nebant's Book Emporium.
 15926 | D:13     | Found Acacekea's General Store.
 15930 | D:13     | Bought a scroll of teleportation for 57 gold pieces
 15930 | D:13     | Bought the amulet of the Four Winds {rN+ MR+++ Clar} for 834 gold pieces
 15930 | D:13     | Found the amulet of the Four Winds {rN+ MR+++ Clar}
 15959 | D:13     | Found Itueraibb's Jewellery Shoppe.
 15964 | D:13     | Bought the ring "Fudahuhu" {+Blink +Inv rF+ Int+5} for 565 gold pieces
 16098 | D:13     | Found a gate to the Vaults.
 16123 | D:13     | Identified the +4 plate armour of Tutaipp {rCorr Str+4} (You acquired it on level 13 of the Dungeon)
 16127 | Vaults:1 | Entered Level 1 of the Vaults
 16158 | Vaults:1 | You fall through a shaft!
 16269 | Vaults:2 | Reached skill level 1 in Necromancy
 16274 | Vaults:2 | Reached skill level 1 in Charms
 16363 | Vaults:2 | Noticed Sojobo
 16382 | Vaults:2 | Killed Sojobo
 16510 | Vaults:4 | Noticed Xtahua
 16524 | Vaults:4 | Killed Xtahua
 16528 | Vaults:4 | Reached XP level 22. HP: 17/178 MP: 22/31
 16755 | Vaults:4 | Lost mutation: You are partially covered in thin metallic scales. (AC +2) [potion of mutation]
 16755 | Vaults:4 | Lost mutation: You are frail. (-10% HP) [potion of mutation]
 16755 | Vaults:4 | Gained mutation: Your body often deteriorates upon taking damage. [potion of mutation]
 16755 | Vaults:4 | Gained mutation: Your flesh is cold resistant. (rC+) [potion of mutation]
 16756 | Vaults:4 | Lost mutation: Armour fits poorly on your strangely shaped body. [potion of mutation]
 16756 | Vaults:4 | Lost mutation: Your body often deteriorates upon taking damage. [potion of mutation]
 16756 | Vaults:4 | Lost mutation: You are clumsy. (Dex -2) [potion of mutation]
 16756 | Vaults:4 | Lost mutation: Your flesh is cold resistant. (rC+) [potion of mutation]
 16756 | Vaults:4 | Gained mutation: You have a pair of small horns on your head. [potion of mutation]
 16756 | Vaults:4 | Gained mutation: You are agile. (Dex +2) [potion of mutation]
 16756 | Vaults:4 | Gained mutation: You are somewhat resistant to further mutation. [potion of mutation]
 16770 | Vaults:5 | Entered Level 5 of the Vaults
 16931 | Vaults:5 | Reached skill level 5 in Necromancy
 16938 | Vaults:5 | Reached skill level 10 in Axes
 17114 | Vaults:5 | Reached skill level 10 in Spellcasting
 17119 | Vaults:5 | Found the +2 pair of boots of the Assassin {Detection Stab+ Stlth++}
 17138 | Vaults:5 | Identified the ring "Ymeduanku" {MR+ Str+4} (You found it on level 5 of the Vaults)
 17164 | Vaults:5 | Identified the Disquisition on Warped Protection
 17353 | Vaults:5 | Reached XP level 23. HP: 122/206 MP: 31/33
 17386 | Vaults:5 | Noticed an ancient lich
 17398 | Vaults:5 | Killed an ancient lich
 17617 | Vaults:5 | Got a silver rune of Zot
 17743 | Vaults:4 | Noticed Margery
 17751 | Vaults:4 | Killed Margery
 17945 | Vaults:4 | Found a glowing golden altar of the Shining One.
 18031 | Vaults:3 | Reached skill level 15 in Invocations
 18052 | Vaults:3 | Identified the Incunabulum of Cold
 18291 | Vaults:3 | Found a staircase to the Crypt.
 18291 | Vaults:3 | Found an ancient bone altar of Kikubaaqudgha.
 18292 | Vaults:3 | Found a basalt altar of Yredelemnul.
 18298 | Crypt:1  | Entered Level 1 of the Crypt
 18348 | Crypt:1  | WTF
 18387 | Crypt:1  | WTF
 18439 | Crypt:1  | Found a transporter.
 18601 | Crypt:1  | Reached XP level 24. HP: 201/216 MP: 33/34
 18602 | Crypt:1  | Reached XP level 25. HP: 210/224 MP: 33/34
 18623 | Crypt:1  | Noticed Jory
 18639 | Crypt:1  | Reached XP level 26. HP: 99/232 MP: 25/34
 18641 | Crypt:1  | Killed Jory
 18989 | Crypt:2  | Found an ancient bone altar of Kikubaaqudgha.
 19127 | Crypt:2  | Found a magical portal.
 19133 | WizLab   | Entered Zonguldrok's Shrine
 19318 | WizLab   | Noticed an antique lich
 19329 | WizLab   | Killed an antique lich
 19329 | WizLab   | Reached skill level 15 in Axes
 19332 | WizLab   | Found the +9 sword of Zonguldrok {reap}
 19414 | Crypt:3  | Entered Level 3 of the Crypt
 19583 | Crypt:3  | Found a basalt altar of Yredelemnul.
 19586 | Crypt:3  | Found an ancient bone altar of Kikubaaqudgha.
 19602 | Crypt:3  | Identified the cursed +0 pair of gloves "Udghoez" {Slay+5} (You found it on level 3 of the Crypt)
 19618 | Crypt:3  | Identified the Almanac of Darkness
 19623 | Crypt:3  | Learned a level 2 spell: Sublimation of Blood
 19629 | Crypt:3  | Learned a level 5 spell: Borgnjor's Vile Clutch
 19638 | Crypt:3  | Learned a level 8 spell: Ignition
 19660 | Crypt:3  | Identified the ring of Sif Muna's Hatred {*Drain rC+ rN+ Dex+6} (You found it on level 3 of the Crypt)
 19661 | Crypt:3  | Identified the ring of Tithiz {rF- rN+ MP+9 Dex+7} (You found it on level 3 of the Crypt)
 19802 | Crypt:3  | Found a staircase to the Tomb.
 19809 | Tomb:1   | Entered Level 1 of the Tomb of the Ancients
 20066 | Tomb:1   | Reached XP level 27. HP: 240/240 MP: 33/35
 20067 | Tomb:1   | Noticed a greater mummy
 20080 | Tomb:1   | Killed a greater mummy
 20124 | Tomb:2   | Noticed a greater mummy
 20128 | Tomb:2   | Noticed a greater mummy
 20131 | Tomb:2   | Killed a greater mummy
 20139 | Tomb:2   | Killed a greater mummy
 20139 | Tomb:2   | Noticed a greater mummy
 20144 | Tomb:2   | Noticed a greater mummy
 20231 | Tomb:2   | Killed a greater mummy
 20231 | Tomb:2   | Killed a greater mummy
 20235 | Tomb:2   | Killed from afar by a lich

Vault maps used:
D:1:      nzn_arrival_settlement, serial_bayou_crossing
D:2:      grunt_dithmenos_smoke, minmay_misc_feat_tower
D:3:      overflow_temple_1_default, okawaru_ov_weapons_minmay,
          minmay_fountain_box
D:4:      kennysheep_mini_moat, minmay_temple_entry_statues_fountains,
          uniq_natasha
D:5:      chequers_temple_overflow_statue_of_worship, marbit_many_paths,
          first_ration
D:6:      kennysheep_six_static_rooms
D:8:      minitemple, serial_corexii_hall, corexii_hall_statues_l,
          corexii_hall_statues_s, corexii_hall_statues_i,
          corexii_hall_statues_i, grunt_potential, uniq_prince_ribbit1
D:9:      kiku_gazebo_garden_becter, lemuel_round_altar, lair_entry_dummy,
          serial_ice, serial_ice_f, serial_ice_e, serial_ice_j, serial_ice_o,
          serial_ice_g
D:10:     blue_anna_alchemist, xom_redecorated
D:11:     basic_altar
D:12:     orc_0_dummy, basic_altar, grunt_qazlal_clouds
D:13:     grunt_vaults_entry_tiered, serial_shops, shop,
          nicolae_shop_competitors_out_of_business, shop, shop
D:14:     serial_bayou_pond_d, elyvilon_altar_1
D:15:     grunt_enter_depths_giant_problem, serial_shops, bzr_entry_gold,
          minivault_22, st_stairs_13
Temple:   zaba_magenta_temple
Lair:1:   basic_altar, lemuel_fruit_fields
Lair:3:   guppyfry_snake_entry_island, lemuel_fruit_fields, uniq_rupert
Lair:4:   minmay_shoals_entry_beasts
Lair:5:   fungi_pond_lemuel, uniq_kirke
Lair:6:   hangedman_lair_in_review, minmay_slime_entry_jelly_boxes
Shoals:1: nicolae_shoals_this_corrosion
Shoals:2: cheibrodos_shoals_roost
Shoals:3: nicolae_shoals_cliffside_cave, uniq_ilsuiw, uniq_donald
Shoals:4: shoals_end_simple, shoal_ilsuiw, hangedman_shoals_cup_caves,
          uniq_aizul
Snake:1:  serial_shops, shop, minmay_shoptagon, uniq_asterion
Snake:2:  serial_bayou_shore_b, serial_bayou_shore_b
Snake:3:  portal_ice_cave_entry_pillars_1, serial_bayou_shore_b
Snake:4:  snake_pit_salamanders_mu, guppyfry_library_mini
Slime:1:  cheibrodos_slime_lost_civilization_1
Slime:3:  nicolae_slime_round_cave
Orc:2:    st_orc_open, special_room, serial_shops, nicolae_shop_crystal,
          nicolae_shop_waterfront, uniq_sonja, uniq_saint_roka, uniq_snorg
Elf:1:    serial_shops, shop, minmay_elf_necromancy, st_stairs_3,
          minmay_strange_pillars, nicolae_elf_big_sculpture_2
Elf:2:    serial_shops, nicolae_shop_window_shopping, spider_trap
Elf:3:    minmay_elf_hall_four_x, basic_altar
Vaults:1: nicolae_vaults_ninety_degrees, v_misc_10, ontoclasm_vaults_gateway,
          nicolae_vaults_rhombus_6, v_alt_pattern_5, nicolae_vaults_network_s,
          hangedman_vaults_slice, vaults_mumra_hex,
          ontoclasm_vaults_decontamination
Vaults:2: grunt_vaults_hallway_short, vaults_mumra_minichess,
          vaults_standard_mumra_x, ontoclasm_vaults_loading_screen, v_misc_12,
          nicolae_vaults_disjoint_gnomons, vaults_room_pool, v_misc_12,
          v_pattern_1, uniq_sojobo
Vaults:3: minmay_crypt_entry_necro_gods, nicolae_vaults_stairing_the_circle,
          vaults_room_door_ring, hangedman_vaults_hat, hangedman_vaults_cutoff,
          vaults_room_hangedman_quadrants, v_misc_27, v_rooms_4,
          ontoclasm_vaults_idyll, hangedman_vaults_trim,
          serial_hangedman_research, hangedman_research_pyrotechnics,
          hangedman_research_probablistics, hangedman_research_thermodynamics,
          uniq_mennas
Vaults:4: grunt_vaults_trifunnel, v_misc_12, ontoclasm_vaults_gallery,
          v_rooms_1, ontoclasm_vaults_ligature, nicolae_vaults_shelves_hall,
          hangedman_vaults_slither, nicolae_vaults_twisting_passages, v_misc_24,
          hangedman_vaults_stretched_pinwheel, nicolae_vaults_little_squares_1,
          vaults_dpeg_encased_lava, v_alt_pattern_3, vaults_dpeg_diagonal,
          hangedman_vaults_stretched_pinwheel, v_misc_11, enter_trove_5,
          serial_shops, shop, basic_altar, uniq_xtahua, uniq_margery
Crypt:1:  gammafunk_dig_for_victory, roderic_lattice_octagonal_star, uniq_jory,
          uniq_mara
Crypt:2:  infiniplex_enter_wizlab_spiral, basic_altar, grunt_megastairs_3
Crypt:3:  lightli_unholy_cathedral, tomb_entry_pyramid_bobbens, st_stairs_4,
          lemuel_nasty_fountain
Bazaar:   bazaar_general_marketplace
IceCv:    ice_cave_caverns_03
WizLab:   wizlab_zonguldrok

Skill      XL: |  1  2  3  4  5  6  7  8  9 10 11 12 13 14 15 16 17 18 19 20 21 22 23 24 25 26 |
---------------+-------------------------------------------------------------------------------+-----
Axes           | 3 4 5 8 11 13 16 | 16.9
Fighting       | 4 5 6 7 8 9 10 11 12 13 14 15 16 17 18 | 18.9
Invocations    | 1 2 3 4 5 6 7 8 9 11 12 13 14 15 16 | 16.6
Armour         | 4 |  4.1
Dodging        | 1 2 3 4 5 6 7 8 9 10 11 12 13 | 13.8
Spellcasting   | 1 2 3 4 5 6 7 8 9 10 11 12 | 12.4
Earth Magic    | 1 2 4 5 6 8 9 11 12 13 14 | 14.3
Transmutations | 1 3 5 6 7 |  7.1
Polearms       | 2 4 5 7 8 10 11 13 14 15 16 17 18 19 | 19.7
Translocations | 5 7 9 10 11 12 13 14 | 14.8
Necromancy     | 3 5 |  5.0
Charms         | 2 3 |  3.0
Shields        | |  3.2

Action                   |  1- 3 |  4- 6 |  7- 9 | 10-12 | 13-15 | 16-18 | 19-21 | 22-24 | 25-27 || total
-------------------------+-------+-------+-------+-------+-------+-------+-------+-------+-------++-------
Melee: War axe           |   105 |    72 |    17 |       |       |       |       |       |       ||   194
       Glaive            |       |       |   128 |   282 |   522 |   799 |  1050 |   556 |   523 ||  3860
       Executioner's axe |       |       |       |       |       |       |     7 |    25 |     5 ||    37
       Headbutt          |       |       |       |       |       |       |       |   143 |   175 ||   318
Throw: Throwing net      |       |       |       |       |     2 |     4 |       |       |       ||     6
 Cast: Statue Form       |       |       |       |     6 |    42 |    65 |    65 |    34 |    32 ||   244
       Passwall          |       |       |       |       |       |     2 |       |       |       ||     2
       Regeneration      |       |       |       |       |       |       |    17 |    46 |    39 ||   102
       Passage of Golubr |       |       |       |       |       |       |    11 |     1 |     4 ||    16
       Borgnjor's Vile C |       |       |       |       |       |       |       |       |     8 ||     8
Invok: Bend Time         |       |     1 |       |       |       |       |       |       |       ||     1
       Temporal Distorti |       |       |     1 |     7 |     2 |       |     4 |       |     1 ||    15
       Slouch            |       |       |       |     2 |    13 |     8 |    20 |    12 |     8 ||    63
 Abil: End Transformatio |       |       |       |     1 |    16 |    32 |    31 |    13 |    13 ||   106
Evoke: Wand              |       |       |    14 |    26 |     2 |       |     2 |       |     2 ||    46
       Box of beasts     |       |       |       |       |     1 |       |     1 |       |       ||     2
       Phantom mirror    |       |       |       |       |       |       |     1 |       |       ||     1
  Use: Potion            |       |     3 |     2 |     1 |       |     3 |    11 |     6 |     1 ||    27
       Scroll            |       |       |       |    10 |     3 |    12 |    25 |    11 |     6 ||    67
 Stab: Paralysed         |       |       |     2 |    11 |       |       |       |       |       ||    13
       Sleeping          |       |       |       |     2 |     1 |     1 |     4 |     1 |     1 ||    10
       Distracted        |       |       |       |     1 |       |     5 |       |     1 |     2 ||     9
       Held in net/web   |       |       |       |       |       |     1 |       |       |       ||     1
  Eat: Chunk             |       |     1 |     3 |    12 |    24 |    18 |    19 |    16 |     2 ||    95
       Ration            |       |       |       |       |     1 |     5 |     5 |     1 |     3 ||    15
Armor: Scale mail        |    59 |     7 |       |       |       |       |       |       |       ||    66
       Ring mail         |       |    42 |    45 |    34 |       |       |       |       |       ||   121
       Troll leather arm |       |       |       |    30 |    22 |     8 |    51 |    11 |    12 ||   134
       Skin              |       |       |       |   119 |   386 |   509 |   470 |   260 |   293 ||  2037
Dodge: Dodged            |    30 |    63 |   104 |   291 |   714 |  1120 |  1401 |   739 |   856 ||  5318
Block: Shield            |    54 |     7 |       |       |       |       |       |       |       ||    61

Table legend:
 A = Spawn XP
 B = Non-spawn XP
 C = Spawn XP percentage of total XP
 D = Spawn monster count
 E = Non-spawn monster count
 F = Spawn count percentage of total count
 G = Total turns spent on level
                    A         B        C        D         E        F      G
               +---------+---------+-------+---------+---------+-------+---------
         Total |       0 | 1044700 |   0.0 |       0 |    1760 |   0.0 | 20235
               +---------+---------+-------+---------+---------+-------+---------
           D:1 |       0 |      27 |   0.0 |       0 |      14 |   0.0 |   240
           D:2 |       0 |      58 |   0.0 |       0 |      16 |   0.0 |   232
           D:3 |       0 |      15 |   0.0 |       0 |      10 |   0.0 |   366
           D:4 |       0 |     286 |   0.0 |       0 |      14 |   0.0 |   409
           D:5 |       0 |     643 |   0.0 |       0 |      27 |   0.0 |   339
           D:6 |       0 |     592 |   0.0 |       0 |      19 |   0.0 |   335
           D:7 |       0 |    1493 |   0.0 |       0 |      17 |   0.0 |   482
           D:8 |       0 |    2439 |   0.0 |       0 |      18 |   0.0 |   455
           D:9 |       0 |    2697 |   0.0 |       0 |      25 |   0.0 |   456
          D:10 |       0 |    2478 |   0.0 |       0 |      10 |   0.0 |   428
          D:11 |       0 |    4708 |   0.0 |       0 |      14 |   0.0 |   353
          D:12 |       0 |     454 |   0.0 |       0 |       7 |   0.0 |   332
          D:13 |       0 |   15972 |   0.0 |       0 |      63 |   0.0 |   343
          D:14 |       0 |    1778 |   0.0 |       0 |       6 |   0.0 |    96
          D:15 |       0 |    1332 |   0.0 |       0 |       3 |   0.0 |   102
        Lair:1 |       0 |    1170 |   0.0 |       0 |       5 |   0.0 |   124
        Lair:2 |       0 |    5013 |   0.0 |       0 |      19 |   0.0 |   272
        Lair:3 |       0 |    9241 |   0.0 |       0 |      28 |   0.0 |   330
        Lair:4 |       0 |    1485 |   0.0 |       0 |       5 |   0.0 |   141
        Lair:5 |       0 |    5593 |   0.0 |       0 |      16 |   0.0 |   420
        Lair:6 |       0 |   22789 |   0.0 |       0 |      67 |   0.0 |   753
      Shoals:1 |       0 |   13789 |   0.0 |       0 |      31 |   0.0 |   425
      Shoals:2 |       0 |    9289 |   0.0 |       0 |      20 |   0.0 |   376
      Shoals:3 |       0 |   28866 |   0.0 |       0 |      53 |   0.0 |   876
      Shoals:4 |       0 |   64184 |   0.0 |       0 |     100 |   0.0 |  1203
       Snake:1 |       0 |    9771 |   0.0 |       0 |      17 |   0.0 |   329
       Snake:2 |       0 |   11207 |   0.0 |       0 |      19 |   0.0 |   219
       Snake:3 |       0 |   16793 |   0.0 |       0 |      34 |   0.0 |   328
       Snake:4 |       0 |   75252 |   0.0 |       0 |     121 |   0.0 |   926
       Slime:1 |       0 |    8342 |   0.0 |       0 |       6 |   0.0 |   186
       Slime:2 |       0 |   19375 |   0.0 |       0 |      35 |   0.0 |   157
       Slime:3 |       0 |   16700 |   0.0 |       0 |      25 |   0.0 |   161
       Slime:4 |       0 |   19311 |   0.0 |       0 |      35 |   0.0 |   463
       Slime:5 |       0 |   31004 |   0.0 |       0 |      28 |   0.0 |   811
         Orc:1 |       0 |    4415 |   0.0 |       0 |      35 |   0.0 |   259
         Orc:2 |       0 |   26241 |   0.0 |       0 |      65 |   0.0 |   392
         Elf:1 |       0 |   21906 |   0.0 |       0 |      39 |   0.0 |   388
         Elf:2 |       0 |   14899 |   0.0 |       0 |      24 |   0.0 |   271
         Elf:3 |       0 |   62823 |   0.0 |       0 |      55 |   0.0 |   827
      Vaults:1 |       0 |     621 |   0.0 |       0 |       1 |   0.0 |    31
      Vaults:2 |       0 |   31385 |   0.0 |       0 |      34 |   0.0 |   309
      Vaults:3 |       0 |   40656 |   0.0 |       0 |      65 |   0.0 |   389
      Vaults:4 |       0 |   50128 |   0.0 |       0 |      64 |   0.0 |   469
      Vaults:5 |       0 |  149139 |   0.0 |       0 |     132 |   0.0 |   973
       Crypt:1 |       0 |   28492 |   0.0 |       0 |      34 |   0.0 |   484
       Crypt:2 |       0 |   48499 |   0.0 |       0 |      54 |   0.0 |   414
       Crypt:3 |       0 |   49920 |   0.0 |       0 |      47 |   0.0 |   361
        Tomb:1 |       0 |   30713 |   0.0 |       0 |      45 |   0.0 |   381
        Tomb:2 |       0 |   50157 |   0.0 |       0 |      50 |   0.0 |    45
         IceCv |       0 |    9041 |   0.0 |       0 |      50 |   0.0 |   409
        WizLab |       0 |   21519 |   0.0 |       0 |      39 |   0.0 |   252
               +---------+---------+-------+---------+---------+-------+---------
